| TOP OF THE 1ST |
|
Boston Red Sox batting - Pitching for Montreal Expos : RHP Jonathan Jackson
|
|
Pitching: RHP Jonathan Jackson
|
|
|
Batting: RHB Alois Wollf
|
0-0: Swinging Strike 0-1: Ball 1-1: Swinging Strike 1-2: Foul Ball, location: 2F 1-2: Ball 2-2: Foul Ball, location: 2F 2-2: Strikes out swinging
|
|
Batting: RHB Cesar Breceda
|
0-0: Ball 1-0: Foul Ball, location: 2F 1-1: Swinging Strike 1-2: Foul Ball, location: 2F 1-2: Fly out, F7 (Flyball, 7S, EV 85.6 MPH)
|
|
Batting: LHB Kevin McCormic Jr.
|
0-0: Ground out 6-3 (Groundball, 6, EV 81.2 MPH)
|
| Top of the 1st over - 0 runs, 0 hits, 0 errors, 0 left on base; Boston 0 - Montreal 0 |
| BOTTOM OF THE 1ST |
|
Montreal Expos batting - Pitching for Boston Red Sox : LHP Momosuke Sato
|
|
Pitching: LHP Momosuke Sato
|
|
|
Batting: RHB Robby Juarez
|
0-0: Foul Ball, location: 2F 0-1: Foul Ball, location: 2F 0-2: Ball 1-2: Foul Ball, location: 2F 1-2: Fly out, F7 (Flyball, 78S, EV 88.8 MPH)
|
|
Batting: RHB John Ham
|
0-0: Ball 1-0: Called Strike 1-1: Ball 2-1: Called Strike 2-2: Foul Ball, location: 2F 2-2: Fly out, F9 (Flyball, 9D, EV 94.4 MPH)
|
|
Batting: RHB Mike Salmon
|
0-0: Ball 1-0: Foul Ball, location: 2F 1-1: Swinging Strike 1-2: Ball 2-2: Strikes out swinging
|
| Bottom of the 1st over - 0 runs, 0 hits, 0 errors, 0 left on base; Boston 0 - Montreal 0 |
| TOP OF THE 2ND |
|
Boston Red Sox batting - Pitching for Montreal Expos : RHP Jonathan Jackson
|
|
Batting: RHB David Price Jr.
|
0-0: Foul Ball, location: 2F 0-1: Ball 1-1: SINGLE (Line Drive, 78M, EV 105.0 MPH)
|
|
Batting: LHB Jarrett Mordecai
|
0-0: Ball 1-0: Ball 2-0: Called Strike 2-1: Foul Ball, location: 2F 2-2: Foul Ball, location: 2F 2-2: Ball 3-2: Foul Ball, location: 2F 3-2: DOUBLE (Line Drive, 9LS, EV 101.2 MPH) David Price Jr. to third David Price Jr. scores
|
|
Batting: LHB Shoichi Aso
|
0-0: Ball 1-0: Swinging Strike 1-1: Called Strike 1-2: Fly out, F8 (Line Drive, 8RM, EV 100.0 MPH)
|
|
Batting: RHB Nick Esteves
|
0-0: Fly out, F7 (Flyball, 78D, EV 83.1 MPH)
|
|
Batting: LHB Zack Guillen
|
0-0: Called Strike 0-1: Ball 1-1: Foul Ball, location: 2F 1-2: Ball 2-2: Foul Ball, location: 2F 2-2: Foul Ball, location: 2F 2-2: TRIPLE (Groundball, 3L, EV 106.9 MPH) Jarrett Mordecai scores
|
|
Batting: SHB Greg Shaw
|
0-0: Called Strike 0-1: Fly out, F9 (Line Drive, 9S, EV 95.0 MPH)
|
| Top of the 2nd over - 2 runs, 3 hits, 0 errors, 1 left on base; Boston 2 - Montreal 0 |
| BOTTOM OF THE 2ND |
|
Montreal Expos batting - Pitching for Boston Red Sox : LHP Momosuke Sato
|
|
Batting: RHB Steve French
|
0-0: Ball 1-0: Ball 2-0: Called Strike 2-1: Ball 3-1: Base on Balls
|
|
Batting: LHB Austin Ohmer
|
0-0: Ball 1-0: Ball 2-0: Grounds into double play, 4-6-3 (Groundball, 4, EV 100.6 MPH)
|
|
Batting: RHB Tommy Mize
|
0-0: Ball 1-0: Foul Ball, location: 2F 1-1: Ball 2-1: Foul Ball, location: 2F 2-2: Ball 3-2: Foul Ball, location: 2F 3-2: Strikes out swinging
|
| Bottom of the 2nd over - 0 runs, 0 hits, 0 errors, 0 left on base; Boston 2 - Montreal 0 |
| TOP OF THE 3RD |
|
Boston Red Sox batting - Pitching for Montreal Expos : RHP Jonathan Jackson
|
|
Batting: RHB Alois Wollf
|
0-0: Called Strike 0-1: Swinging Strike 0-2: Ball 1-2: Strikes out swinging
|
|
Batting: RHB Cesar Breceda
|
0-0: Ball 1-0: Foul Ball, location: 2F 1-1: Ball 2-1: Foul Ball, location: 2F 2-2: Ball 3-2: Strikes out swinging
|
|
Batting: LHB Kevin McCormic Jr.
|
0-0: Foul Ball, location: 2F 0-1: Ball 1-1: Fly out, F8 (Line Drive, 78D, EV 95.0 MPH)
|
| Top of the 3rd over - 0 runs, 0 hits, 0 errors, 0 left on base; Boston 2 - Montreal 0 |
| BOTTOM OF THE 3RD |
|
Montreal Expos batting - Pitching for Boston Red Sox : LHP Momosuke Sato
|
|
Batting: RHB Tommie Eaton
|
0-0: Ball 1-0: Foul Ball, location: 2F 1-1: SINGLE (Line Drive, 9LS, EV 90.0 MPH)
|
|
Batting: RHB Shigem Kubo
|
0-0: Ball 1-0: Foul Ball, location: 2F 1-1: Swinging Strike 1-2: Foul Ball, location: 2F 1-2: Ball 2-2: Strikes out looking
|
|
Batting: SHB Joey Pacheco
|
0-0: Called Strike 0-1: Called Strike 0-2: Foul Ball, location: 2F 0-2: Ball 1-2: Strikes out looking
|
|
Batting: RHB Robby Juarez
|
0-0: Ball 1-0: Called Strike 1-1: Ball 2-1: Ball 3-1: Called Strike 3-2: Ground out 4-3 (Groundball, 4S, EV 80.6 MPH)
|
| Bottom of the 3rd over - 0 runs, 1 hit, 0 errors, 1 left on base; Boston 2 - Montreal 0 |
| TOP OF THE 4TH |
|
Boston Red Sox batting - Pitching for Montreal Expos : RHP Jonathan Jackson
|
|
Batting: RHB David Price Jr.
|
0-0: Ground out 5-3 (Groundball, 56, EV 85.0 MPH)
|
|
Batting: LHB Jarrett Mordecai
|
0-0: DOUBLE (Line Drive, 3D, EV 102.5 MPH) - OUT at third base trying to stretch hit.
|
|
Batting: LHB Shoichi Aso
|
0-0: Ball 1-0: Ball 2-0: Called Strike 2-1: Ball 3-1: Foul Ball, location: 2F 3-2: SINGLE (Groundball, 6MD, EV 101.2 MPH)
|
|
Batting: RHB Nick Esteves
|
0-0: Swinging Strike 0-1: Ball Wild Pitch! Shoichi Aso to second 1-1: Ground out U3 (Groundball, 23, EV 80.6 MPH)
|
| Top of the 4th over - 0 runs, 2 hits, 0 errors, 1 left on base; Boston 2 - Montreal 0 |
| BOTTOM OF THE 4TH |
|
Montreal Expos batting - Pitching for Boston Red Sox : LHP Momosuke Sato
|
|
Batting: RHB John Ham
|
0-0: Called Strike 0-1: SINGLE (Line Drive, 6MD, EV 107.5 MPH)
|
|
Batting: RHB Mike Salmon
|
0-0: Ball John Ham steals 2nd base (no throw) 1-0: Called Strike 1-1: Ball 2-1: Ball 3-1: Base on Balls
|
|
Batting: RHB Steve French
|
0-0: Foul Ball, location: 2F 0-1: Ball 1-1: Ball 2-1: Foul Ball, location: 2F 2-2: Ball 3-2: Fly out, F8 (Line Drive, 8RM, EV 98.1 MPH)
|
|
Batting: LHB Austin Ohmer
|
0-0: Called Strike 0-1: Ball 1-1: Ball 2-1: Swinging Strike 2-2: Foul Ball, location: 2F 2-2: Strikes out swinging
|
|
Batting: RHB Tommy Mize
|
0-0: Swinging Strike 0-1: Ball 1-1: Swinging Strike 1-2: Strikes out swinging
|
| Bottom of the 4th over - 0 runs, 1 hit, 0 errors, 2 left on base; Boston 2 - Montreal 0 |
| TOP OF THE 5TH |
|
Boston Red Sox batting - Pitching for Montreal Expos : RHP Jonathan Jackson
|
|
Batting: LHB Zack Guillen
|
0-0: Fly out, F8 (Flyball, 89M, EV 90.0 MPH)
|
|
Batting: SHB Greg Shaw
|
0-0: Ball 1-0: Ball 2-0: Called Strike 2-1: Foul Ball, location: 2F 2-2: Strikes out swinging
|
|
Batting: RHB Alois Wollf
|
0-0: Swinging Strike 0-1: Fly out, F7 (Flyball, 78D, EV 88.1 MPH)
|
| Top of the 5th over - 0 runs, 0 hits, 0 errors, 0 left on base; Boston 2 - Montreal 0 |
| BOTTOM OF THE 5TH |
|
Montreal Expos batting - Pitching for Boston Red Sox : LHP Momosuke Sato
|
|
Batting: RHB Tommie Eaton
|
0-0: Ground out 2-3 (Groundball, 13S, EV 75.6 MPH)
|
|
Batting: RHB Shigem Kubo
|
0-0: Ball 1-0: Foul Ball, location: 2F 1-1: Called Strike 1-2: SINGLE (Groundball, 34D, EV 99.4 MPH)
|
|
Batting: SHB Joey Pacheco
|
0-0: Ball 1-0: Foul Ball, location: 2F 1-1: Foul Ball, location: 2F 1-2: Ball 2-2: Ball 3-2: TRIPLE (Groundball, 3L, EV 108.1 MPH) Shigem Kubo scores
|
|
Batting: RHB Robby Juarez
|
0-0: Ball 1-0: Swinging Strike 1-1: Hit by Pitch
|
|
Batting: RHB John Ham
|
0-0: Ball 1-0: Ball 2-0: Called Strike 2-1: Foul Ball, location: 2F 2-2: Ball Wild Pitch! Joey Pacheco scores Robby Juarez to second 3-2: Foul Ball, location: 2F 3-2: Base on Balls
|
|
Pitching: RHP Jon Mercado
|
|
|
Batting: RHB Mike Salmon
|
0-0: Ball 1-0: Called Strike 1-1: Grounds into double play, 6-4-3 (Groundball, 56, EV 100.0 MPH)
|
| Bottom of the 5th over - 2 runs, 2 hits, 0 errors, 1 left on base; Boston 2 - Montreal 2 |
| TOP OF THE 6TH |
|
Boston Red Sox batting - Pitching for Montreal Expos : RHP Jonathan Jackson
|
|
Batting: RHB Cesar Breceda
|
0-0: Ball 1-0: Ball 2-0: Called Strike 2-1: Foul Ball, location: 2F 2-2: Ground out 4-3 (Groundball, 4, EV 80.0 MPH)
|
|
Batting: LHB Kevin McCormic Jr.
|
0-0: Ball 1-0: Foul Ball, location: 2F 1-1: Ball 2-1: Fly out, F6 (Line Drive, 56, EV 65.0 MPH)
|
|
Batting: RHB David Price Jr.
|
0-0: Called Strike 0-1: Ball 1-1: Ball 2-1: Called Strike 2-2: Ground out 6-3 (Groundball, 6, EV 86.2 MPH)
|
| Top of the 6th over - 0 runs, 0 hits, 0 errors, 0 left on base; Boston 2 - Montreal 2 |
| BOTTOM OF THE 6TH |
|
Montreal Expos batting - Pitching for Boston Red Sox : RHP Jon Mercado
|
|
Batting: RHB Steve French
|
0-0: Ball 1-0: Called Strike 1-1: Ball 2-1: Ball 3-1: Base on Balls
|
|
Batting: LHB Austin Ohmer
|
0-0: Ball 1-0: Called Strike 1-1: Foul Ball, location: 2F 1-2: Ball 2-2: Foul Ball, location: 2F 2-2: Foul Ball, location: 2F 2-2: Ball 3-2: Foul Ball, location: 2F 3-2: Base on Balls Steve French to second
|
|
Batting: RHB Tommy Mize
|
0-0: Ball 1-0: Grounds into double play, 6-4-3 (Groundball, 6, EV 103.8 MPH) Steve French to third
|
|
Pinch Hitting: LHB Mark Marvin
|
0-0: Called Strike 0-1: Swinging Strike 0-2: Ball 1-2: Strikes out swinging
|
| Bottom of the 6th over - 0 runs, 0 hits, 0 errors, 1 left on base; Boston 2 - Montreal 2 |
| TOP OF THE 7TH |
|
Boston Red Sox batting - Pitching for Montreal Expos : RHP Jonathan Jackson
|
|
Now at 3B: Mark Marvin
|
|
|
Batting: LHB Jarrett Mordecai
|
0-0: Called Strike 0-1: Ball 1-1: Ground out 4-3 (Groundball, 34D, EV 101.2 MPH)
|
|
Batting: LHB Shoichi Aso
|
0-0: Ball 1-0: Called Strike 1-1: Foul Ball, location: 2F 1-2: Strikes out swinging
|
|
Batting: RHB Nick Esteves
|
0-0: Called Strike 0-1: Ball 1-1: Ground out 4-3 (Groundball, 4M, EV 82.5 MPH)
|
| Top of the 7th over - 0 runs, 0 hits, 0 errors, 0 left on base; Boston 2 - Montreal 2 |
| BOTTOM OF THE 7TH |
|
Montreal Expos batting - Pitching for Boston Red Sox : RHP Jon Mercado
|
|
Pinch Hitting: LHB Steve Anderson
|
0-0: Ball 1-0: Ball 2-0: Ball 3-0: Called Strike 3-1: Fly out, F8 (Flyball, 8LS, EV 83.1 MPH)
|
|
Batting: SHB Joey Pacheco
|
0-0: Swinging Strike 0-1: Ball 1-1: Ball 2-1: Foul Ball, location: 2F 2-2: SINGLE (Line Drive, 34D, EV 106.9 MPH)
|
|
Pitching: LHP Danny Schneible
|
|
|
Batting: RHB Robby Juarez
|
0-0: Ball 1-0: Called Strike 1-1: Foul Ball, location: 2F 1-2: Foul Ball, location: 2F 1-2: Strikes out swinging
|
|
Batting: RHB John Ham
|
0-0: Ball 1-0: Ball 2-0: Ball 3-0: Called Strike 3-1: Foul Ball, location: 2F 3-2: Base on Balls Joey Pacheco to second
|
|
Batting: RHB Mike Salmon
|
0-0: Swinging Strike 0-1: Ball 1-1: Fly out, F9 (Flyball, 9, EV 86.2 MPH)
|
| Bottom of the 7th over - 0 runs, 1 hit, 0 errors, 2 left on base; Boston 2 - Montreal 2 |
| TOP OF THE 8TH |
|
Boston Red Sox batting - Pitching for Montreal Expos : RHP Jonathan Jackson
|
|
Now in LF: Bill McGregor
|
|
|
Batting: LHB Zack Guillen
|
0-0: Fly out, F7 (Line Drive, 7, EV 103.1 MPH)
|
|
Batting: SHB Greg Shaw
|
0-0: Called Strike 0-1: Ball 1-1: Ball 2-1: Ground out U3 (Groundball, 3, EV 83.8 MPH)
|
|
Batting: RHB Alois Wollf
|
0-0: Called Strike 0-1: Ball 1-1: Foul Ball, location: 2F 1-2: Ball 2-2: Foul Ball, location: 2F 2-2: Foul Ball, location: 2F 2-2: Ground out 1-3 (Groundball, 13S, EV 66.9 MPH)
|
| Top of the 8th over - 0 runs, 0 hits, 0 errors, 0 left on base; Boston 2 - Montreal 2 |
| BOTTOM OF THE 8TH |
|
Montreal Expos batting - Pitching for Boston Red Sox : LHP Danny Schneible
|
|
Pitching: RHP Jaime Dunning
|
|
|
Batting: RHB Steve French
|
0-0: Ball 1-0: SINGLE (Line Drive, 7S, EV 101.2 MPH)
|
|
Batting: LHB Austin Ohmer
|
0-0: Called Strike 0-1: SINGLE (Groundball, 6MS, EV 68.1 MPH) (infield hit) Steve French to second
|
|
Batting: RHB Tommy Mize
|
0-0: Swinging Strike 0-1: SINGLE (Groundball, 4D, EV 96.9 MPH) Steve French to third Austin Ohmer to second
|
|
Batting: LHB Mark Marvin
|
0-0: Grounds into double play, 4-2-3 (Groundball, 34, EV 86.9 MPH) Austin Ohmer to third Tommy Mize to second
|
|
Batting: LHB Bill McGregor
|
0-0: Called Strike 0-1: Swinging Strike 0-2: Ball 1-2: Foul Ball, location: 2F 1-2: Foul Ball, location: 2F 1-2: Strikes out looking
|
| Bottom of the 8th over - 0 runs, 3 hits, 0 errors, 2 left on base; Boston 2 - Montreal 2 |
| TOP OF THE 9TH |
|
Boston Red Sox batting - Pitching for Montreal Expos : RHP Jonathan Jackson
|
|
Pitching: RHP Jakub Kvacek
|
|
|
Batting: RHB Cesar Breceda
|
0-0: Called Strike 0-1: Foul Ball, location: 2F 0-2: Strikes out looking
|
|
Batting: LHB Kevin McCormic Jr.
|
0-0: Ball 1-0: Foul Ball, location: 2F 1-1: Ball 2-1: Foul Ball, location: 2F 2-2: Ball 3-2: Foul Ball, location: 2F 3-2: Base on Balls
|
|
Batting: RHB David Price Jr.
|
0-0: Fly out, F5 (Popup, 25F, EV 82.5 MPH)
|
|
Batting: LHB Jarrett Mordecai
|
0-0: Called Strike 0-1: Foul Ball, location: 2F 0-2: Foul Ball, location: 2F 0-2: Strikes out swinging
|
| Top of the 9th over - 0 runs, 0 hits, 0 errors, 1 left on base; Boston 2 - Montreal 2 |
| BOTTOM OF THE 9TH |
|
Montreal Expos batting - Pitching for Boston Red Sox : RHP Jaime Dunning
|
|
Pitching: RHP Guadalupe Vasguez
|
|
|
Batting: SHB Joey Pacheco
|
0-0: Called Strike 0-1: Fly out, F9 (Line Drive, 9LM, EV 106.2 MPH)
|
|
Pinch Hitting: SHB Lou Kroneman
|
0-0: Ball 1-0: Called Strike 1-1: Called Strike 1-2: Ball 2-2: Foul Ball, location: 2F 2-2: Ball 3-2: SINGLE (Line Drive, 6MD, EV 97.5 MPH)
|
|
Batting: RHB John Ham
|
0-0: Ball 1-0: Swinging Strike 1-1: Ball 2-1: SINGLE (Groundball, 5S, EV 66.2 MPH) (infield hit) Lou Kroneman to second
|
|
Batting: RHB Mike Salmon
|
0-0: Called Strike 0-1: Ball 1-1: SINGLE (Groundball, 6D, EV 99.4 MPH) Lou Kroneman to third John Ham to second
|
|
Batting: RHB Steve French
|
0-0: Called Strike 0-1: SINGLE (Line Drive, 56D, EV 94.4 MPH) Lou Kroneman scores
|
| Bottom of the 9th over - 1 run, 4 hits, 0 errors, 2 left on base; Boston 2 - Montreal 3 |
|